 Dungeon Crawl Stone Soup version 0.20.2-3-g29329e0561 (webtiles) character file.

125 Alfie the Skirmisher (level 4, -2/41 HPs)
             Began as a Minotaur Fighter on Oct 15, 2020.
             Slain by a gnoll
             ... wielding a +0 halberd
              (8 damage)
             ... on level 3 of the Dungeon.
             The game lasted 00:03:59 (1363 turns).

Alfie the Skirmisher (Minotaur Fighter)             Turns: 1363, Time: 00:04:00

Health: -2/41      AC:  7    Str: 21    XL:     4   Next: 82%
Magic:  3/3        EV:  8    Int:  5    God:
Gold:   143        SH:  9    Dex: 10    Spells: 1/3 levels left

rFire    . . .     SeeInvis .   a - +1 long sword
rCold    . . .     Gourm    .   c - +0 shield
rNeg     . . .     Faith    .   b - +0 scale mail
rPois    .         Spirit   .   (helmet restricted)
rElec    .         Reflect  .   (no cloak)
rCorr    .         Harm     .   (no gloves)
MR       .....                  (no boots)
Stlth    ..........             (no amulet)
Regen    0.2/turn               (no ring)
MPRegen  0.1/turn               (no ring)

@: no status effects
A: retaliatory headbutt, horns 2
a: no special abilities


You were on level 3 of the Dungeon.
You were not hungry.

You visited 1 branch of the dungeon, and saw 3 of its levels.

You collected 143 gold pieces.

Inventory:

Hand Weapons
 a - a +1 long sword (weapon)
Missiles
 e - 7 poisoned tomahawks (quivered)
Armour
 b - a +0 scale mail (worn)
 c - a +0 shield (worn)
Scrolls
 g - a scroll of amnesia
 h - 2 scrolls of remove curse
 i - a scroll of enchant armour {unknown}
Potions
 d - a potion of might
 j - a potion of agility {unknown}
 n - a potion of heal wounds {unknown}
Books
 m - a book of Changes

   Spells                             Type                      Level
   a - Beastly Appendage              Transmutation                1
   b - Sticks to Snakes               Transmutation                2
   c - Spider Form                    Transmutation/Poison         3
   d - Ice Form                       Ice/Transmutation            4
   e - Blade Hands                    Transmutation                5
Comestibles
 f - 2 bread rations
 k - a meat ration


   Skills:
 + Level 4.7 Fighting
 + Level 3.9 Long Blades
 + Level 4.0 Armour
 + Level 0.9 Dodging
 + Level 0.1 Stealth
 + Level 4.6 Shields


You had one spell level left.
You knew the following spells:

 Your Spells              Type           Power        Failure   Level  Hunger
a - Sticks to Snakes      Tmut           #.......     100%        2    ###....


Dungeon Overview and Level Annotations

Branches:
Dungeon (3/15)

Altars:


Innate Abilities, Weirdness & Mutations

You reflexively headbutt those who attack you in melee.
You have a pair of horns on your head.


Message History

You furiously retaliate!
You headbutt the gnoll!
You kill the gnoll!
Your Armour skill increases to level 4!
You block the gnoll's attack. The gnoll hits you with a halberd.
* * * LOW HITPOINT WARNING * * *
You block the gnoll's attack.
Things that are here:
a spear; a gnoll corpse The gnoll barely misses you.
The gnoll hits you but does no damage.
You see here a club.
The gnoll closely misses you.
You riposte.
You closely miss the gnoll. You headbutt the gnoll!
The gnoll is severely wounded.
Things that are here:
a spear; a gnoll corpse You hit the gnoll.
The gnoll is almost dead.
The gnoll hits you with a halberd!
You die...

.# #
######...##
#.
#.)<.......
###.##
#.####...##
#..... #.#
.#
##.....###.#
......g@)..#
##....g###.#
#..... #.#
###.## #..
... #.## ###
#.. ###


You could see 2 gnolls.

Vanquished Creatures
  6 gnolls
  An adder (D:2)
  2 worms (D:2)
  2 dart slugs
  An orc (D:3)
  2 giant cockroaches (D:2)
  8 goblins
  4 hobgoblins
  7 jackals
  A quokka (D:2)
  A ball python (D:1)
  4 bats
  5 kobolds
  4 rats
48 creatures vanquished.

Notes
Turn   | Place    | Note
-------+----------+-------------------------------------------
     0 | D:1      | Alfie the Minotaur Fighter began the quest for the Orb.
     0 | D:1      | Reached XP level 1. HP: 19/19 MP: 0/0
    64 | D:1      | Reached XP level 2. HP: 27/27 MP: 1/1
   654 | D:2      | Reached XP level 3. HP: 24/33 MP: 2/2
   759 | D:2      | Reached XP level 4. HP: 37/41 MP: 3/3
   853 | D:2      | Learned a level 2 spell: Sticks to Snakes
  1363 | D:3      | Slain by a gnoll

Skill      XL: |  1  2  3  4 |
---------------+-------------+-----
Fighting       | 4 |  4.7
Shields        | 4 |  4.6
Long Blades    | 3 |  3.9
Armour         | 4 |  4.0
Dodging        | |  0.9
Stealth        | |  0.1

Action                   |  1- 3 |  4- 6 || total
-------------------------+-------+-------++-------
Melee: Long sword        |    50 |    46 ||    96
       Headbutt          |     2 |     9 ||    11
  Use: Potion            |     2 |       ||     2
       Scroll            |       |     6 ||     6
  Eat: Bread ration      |       |     1 ||     1
Armor: Scale mail        |    20 |    23 ||    43
Dodge: Dodged            |    16 |    10 ||    26
Block: Shield            |    31 |    26 ||    57
       Rpst.: Long sword |     4 |     2 ||     6
